 Dungeon Crawl Stone Soup version 0.26.1-11-gd32895ea62 (webtiles) character file.

Game seed: 16893999944247355070

6995 Kaiern the Carver (level 11, -1/72 HPs)
             Began as a Tengu Fighter on May 23, 2021.
             Was a Follower of Uskayaw.
             Slain by an unseen horror (6 damage)
             ... on level 10 of the Dungeon.
             The game lasted 00:42:54 (11258 turns).

Kaiern the Carver (Tengu Fighter)                  Turns: 11258, Time: 00:42:54

Health: -1/72      AC:  8    Str: 22    XL:     11   Next: 8%
Magic:  0/15       EV:  8    Int: 12    God:    Uskayaw [*.....]
Gold:   845        SH: 11    Dex: 17    Spells: 10/10 levels left

rFire    . . .     SeeInvis .   I - +11 rapier "Emaug" {vorpal, rN+ Int+3}
rCold    + . .     Faith    .   c - +1 kite shield
rNeg     + . .     Spirit   +   b - +0 scale mail
rPois    .         Reflect  .   (helmet restricted)
rElec    .         Harm     .   B - +0 cloak
rCorr    .         Rampage  .   (no gloves)
Will     .....                  (boots unavailable)
Stlth    ++........             t - amulet of guardian spirit
HPRegen  0.22/turn              q - ring of protection from cold
MPRegen  0.14/turn              z - +6 ring of strength

@: flying quickly and evasively, quick
A: beak, talons 3, able to fly
a: Stop Flying, Renounce Religion, Stomp


You were on level 10 of the Dungeon.
You worshipped Uskayaw.
Uskayaw was noncommittal.
You visited 2 branches of the dungeon, and saw 11 of its levels.
You also visited: Ossuary.

You collected 901 gold pieces.
You spent 56 gold pieces at shops.

Inventory:

Hand Weapons
 I - the +11 rapier "Emaug" (weapon) {vorpal, rN+ Int+3}
   (You found it on level 5 of the Dungeon)

   It inflicts extra damage upon your enemies.
   It affects your intelligence (+3).
   It protects you from negative energy.
Missiles
 u - 8 javelins (quivered)
 H - 6 boomerangs
Armour
 b - a +0 scale mail (worn)
 c - a +1 kite shield (worn)
 B - a +0 cloak (worn)
Jewellery
 q - a ring of protection from cold (left hand)
 t - an amulet of guardian spirit (around neck)
 z - a +6 ring of strength (right hand)
 G - an uncursed ring of wizardry
 J - an uncursed amulet of the acrobat {unknown}
Wands
 a - a wand of enslavement (5)
 v - a wand of flame (13)
 w - a wand of polymorph (7)
 y - a wand of disintegration (15)
Scrolls
 e - 2 scrolls of enchant weapon
 g - a scroll of blinking
 j - 2 scrolls of enchant armour
 k - a scroll of magic mapping
 l - a scroll of identify
 n - a scroll of fear {unknown}
 o - 5 scrolls of remove curse
 r - 8 scrolls of teleportation
 A - a scroll of fog
Potions
 d - 4 potions of might
 f - 8 potions of lignification
 h - a potion of berserk rage {unknown}
 i - 4 potions of heal wounds
 m - a potion of invisibility {unknown}
 p - a potion of cancellation {unknown}
 s - a potion of magic {unknown}
 x - 5 potions of curing
 C - 2 potions of brilliance
 D - 3 potions of mutation
 E - 2 potions of resistance {unknown}
 F - a potion of attraction {unknown}


   Skills:
 + Level 9.8 Fighting
 + Level 10.2 Long Blades
 - Level 4.0 Throwing
 - Level 6.0 Armour
 + Level 6.7 Stealth
 - Level 3.0 Shields
 + Level 4.9 Invocations


You had 10 spell levels left.
You didn't know any spells.
Your spell library contained the following spells:

 Spells                   Type           Power        Failure   Level
 Animate Skeleton         Necr           0%           98%         1
 Corona                   Hex            0%           98%         1
 Pain                     Necr           0%           98%         1
 Ensorcelled Hibernation  Hex/Ice        0%           99%         2
 Confusing Touch          Hex            0%           100%        3
 Dazzling Flash           Conj/Hex       0%           100%        3
 Tukima's Dance           Hex            0%           100%        3
 Vampiric Draining        Necr           0%           100%        3
 Animate Dead             Necr           0%           100%        4
 Agony                    Necr           0%           100%        5


Dungeon Overview and Level Annotations

Branches:
Dungeon (10/15)            Temple (1/1) D:7            Lair (0/6) D:10
    Orc (0/2) D:10        Ossuary (visited)

Altars:
Ashenzari
Cheibriados
Dithmenos
Elyvilon
Fedhas
Gozag
Hepliaklqana
Kikubaaqudgha
Makhleb
Nemelex Xobeh
Okawaru
Qazlal
Ru
Sif Muna
Trog
Uskayaw
Vehumet
Wu Jian
Xom
Yredelemnul
Zin
The Shining One
Beogh

Shops:
D:5 ?   D:6 =

Annotations:
D:5 3 runed translucent doors, H0rd4k's ghost, amateur OpTm
D:9 2 transporters, boysha's ghost, novice OpTm


Innate Abilities, Weirdness & Mutations

You have a beak for a mouth.
You have claws for feet.
You can fly continuously.


Message History

Something hits you!
* * * LOW HITPOINT WARNING * * *
You block something's attack.
You see here 8 gold pieces.
Something hits you but does no damage. Something hits you.
* * * LOW HITPOINT WARNING * * *
Something hits you.
* * * LOW HITPOINT WARNING * * *
Something hits you!
* * * LOW HITPOINT WARNING * * *
You start resting.
Something hits you.
* * * LOW HITPOINT WARNING * * *
Something hits you.
* * * LOW HITPOINT WARNING * * *
Something hits you.
* * * LOW HITPOINT WARNING * * *
Something hits you but does no damage. Something hits you but does no damage.
Something hits you!
You die...

#.............#####.#...# #.
#..###...##....## #.#...# #.
#..# #...##.#.#.###.#...#####
#####..###......................
#...............#.#.###........#
#.###..###.#.###...##.......###
#.# #..# #.#.# ##.###.#.....#
#.# #..###.#.####.# #.#.....#
#.# #...........@.# #.##.<###
#.# #.####......### #.##$.# #.#
#.. ###.##.# #.##.#.# ..# ###
#.##.#####.#..##.# ###
###.##........#.# #.. #######
#.....######.###.. #.# .....#
.##.....# ######## .# ####.#
........######. .#### . #.#
###.......##.#.#.... #


There were no monsters in sight!

Vanquished Creatures
  A two-headed ogre (D:9)
  A kobold demonologist (D:10)
  Grinder (D:3)
  A hornet (D:8)
  A shadow (D:10)
  A wraith (D:10)
  Grum (D:9)
  Edmund (D:6)
  2 orc warriors
  2 black bears (D:8)
  3 ice beasts
  5 phantoms
  4 wolves
  4 ogres
  2 centaurs
  2 big kobolds (D:8)
  5 bullfrogs
  2 elf zombies (D:5)
  An elf skeleton (D:5)
  A gnoll sergeant (D:9)
  3 scorpions
  2 troll zombies (D:10)
  4 wights (D:6)
  4 killer bees
  2 howler monkeys (D:9)
  A centaur zombie (D:8)
  A quasit (D:8)
  A bullfrog zombie (D:5)
  4 orc priests
  7 hounds
  3 jellies
  6 orc wizards
  2 bullfrog skeletons
  3 human skeletons (D:5)
  6 iguanas
  8 worker ants
  4 ogre zombies (D:10)
  2 hound zombies
  8 mummies (Ossuary)
  11 gnolls
  7 adders
  2 shadow imps (D:5)
  4 white imps
  4 ufetubi
  2 adder zombies
  A worm (D:3)
  3 dart slugs
  5 leopard geckos
  65 orcs
  2 giant cockroaches
  7 hobgoblins
  8 jackals
  17 kobolds
  6 quokkas
  A ball python (D:5)
  3 bats
  6 frilled lizards
  9 goblins
  A goblin skeleton (D:10)
  5 goblin zombies (D:10)
  A hobgoblin skeleton (D:10)
  5 hobgoblin zombies
  3 kobold zombies (Ossuary)
  A leopard gecko zombie (D:5)
  2 orc skeletons (D:10)
  10 orc zombies
  24 rats
327 creatures vanquished.

Vanquished Creatures (others)
  7 plants (D:2)
7 creatures vanquished.

Grand Total: 334 creatures vanquished

Notes
Turn   | Place    | Note
-------+----------+-------------------------------------------
     0 | D:1      | Kaiern the Tengu Fighter began the quest for the Orb.
     0 | D:1      | Reached XP level 1. HP: 14/14 MP: 2/2
    92 | D:1      | Reached XP level 2. HP: 16/19 MP: 3/3
   264 | D:1      | Reached skill level 1 in Stealth
   654 | D:1      | Reached XP level 3. HP: 23/23 MP: 4/4
  2001 | D:3      | Reached XP level 4. HP: 28/28 MP: 5/5
  2021 | D:3      | Reached skill level 3 in Long Blades
  2362 | D:3      | Gained mutation: You can fly continuously. [Tengu growth]
  2362 | D:3      | Reached XP level 5. HP: 29/33 MP: 3/6
  2527 | D:3      | Noticed Grinder
  2542 | D:3      | Killed Grinder
  2543 | D:3      | Reached skill level 4 in Long Blades
  2543 | D:3      | Reached XP level 6. HP: 21/39 MP: 4/7
  3187 | D:4      | Got a brightly glowing plate armour
  3576 | D:4      | Noticed a phantom
  3602 | D:4      | Killed a phantom
  3603 | D:4      | Reached skill level 1 in Throwing
  3603 | D:4      | Reached XP level 7. HP: 38/44 MP: 6/8
  3710 | D:5      | Entered Level 5 of the Dungeon
  3720 | D:5      | Found Ronokeoh's Magic Scroll Shop.
  3727 | D:5      | Bought a scroll of identify for 28 gold pieces
  3727 | D:5      | Bought a scroll of identify for 28 gold pieces
  3764 | D:5      | Reached skill level 5 in Fighting
  3803 | D:5      | Found a sand-covered staircase.
  3821 | Ossuary  | Entered an ossuary
  4009 | Ossuary  | Reached skill level 5 in Long Blades
  4726 | D:5      | Reached XP level 8. HP: 48/50 MP: 7/9
  4850 | D:5      | Reached skill level 5 in Stealth
  5281 | D:5      | Found a runed translucent gate.
  5281 | D:5      | Found a runed translucent gate.
  5281 | D:5      | Found a runed translucent gate.
  5286 | D:5      | Noticed H0rd4k's ghost (amateur OpTm)
  5497 | D:5      | Reached skill level 6 in Long Blades
  5528 | D:5      | Got a shimmering rapier
  5569 | D:5      | Identified the +11 rapier "Emaug" {vorpal, rN+ Int+3} (You
                  | found it on level 5 of the Dungeon)
  5625 | D:5      | Found a basalt altar of Yredelemnul.
  6009 | D:6      | Found Nekip's Jewellery Boutique.
  6077 | D:6      | Noticed Edmund
  6092 | D:6      | Killed Edmund
  6093 | D:6      | Reached skill level 7 in Long Blades
  6243 | D:6      | Reached XP level 9. HP: 56/56 MP: 10/10
  6916 | D:7      | Reached skill level 8 in Long Blades
  7533 | D:7      | Found a staircase to the Ecumenical Temple.
  7551 | Temple   | Entered the Ecumenical Temple
  7904 | Temple   | Became a worshipper of Uskayaw the Reveller
  7985 | D:8      | Reached * piety under Uskayaw
  8084 | D:8      | Reached skill level 5 in Armour
  8103 | D:8      | Reached ** piety under Uskayaw
  8105 | D:8      | Reached skill level 1 in Invocations
  8146 | D:8      | Reached *** piety under Uskayaw
  8149 | D:8      | Reached **** piety under Uskayaw
  8160 | D:8      | Reached ***** piety under Uskayaw
  8223 | D:8      | Noticed a hornet
  8233 | D:8      | Killed a hornet
  8333 | D:8      | Reached XP level 10. HP: 62/65 MP: 10/12
  8732 | D:8      | Reached skill level 9 in Long Blades
  8918 | D:8      | Found a roughly hewn altar of Beogh.
  9093 | D:8      | Identified the cursed +1 plate armour "Jovaics" {MP+9} (You
                  | found it on level 4 of the Dungeon)
  9149 | D:9      | Noticed Grum
  9159 | D:9      | Found a transporter.
  9160 | D:9      | Noticed a deep elf mage
  9646 | D:9      | Killed Grum
  9651 | D:9      | Noticed boysha's ghost (novice OpTm)
  9852 | D:9      | Found a broken altar of Ashenzari.
  9853 | D:9      | Got a brightly glowing leather armour
  9854 | D:9      | Identified the +2 leather armour of the Pink Corner
                  | {Rampage Will+} (You found it on level 9 of the Dungeon)
  9950 | D:9      | Noticed a two-headed ogre
  9963 | D:9      | Killed a two-headed ogre
 10212 | D:9      | Found a transporter.
 10465 | D:10     | Entered Level 10 of the Dungeon
 10848 | D:10     | Found a staircase to the Lair.
 10904 | D:10     | Noticed a kobold demonologist
 10907 | D:10     | Killed a kobold demonologist
 10908 | D:10     | Reached skill level 10 in Long Blades
 10911 | D:10     | Found a staircase to the Orcish Mines.
 10930 | D:10     | Reached XP level 11. HP: 22/72 MP: 4/15
 10939 | D:10     | Reached ****** piety under Uskayaw
 11258 | D:10     | Slain by an unseen horror

Illustrated notes

Levels and vault maps discovered:
D:1:      lightli_arrival_statue_moat, layout_basic
D:2:      layout_basic, kennysheep_doodads, lexackson_kobold_supper
D:3:      layout_loops_cross, uniq_grinder
D:4:      layout_basic, minmay_rat_hole
D:5:      layout_loops_cross, yredelemnul_forgotten_temple_becter,
          ebering_ghost_rock_garden, nicolae_ossuary_entry_catacombs,
          serial_shops, kennysheep_little_box
D:6:      layout_basic, serial_shops, nicolae_shop_waterfront, uniq_edmund
D:7:      layout_cave_pools, minmay_temple_entry_statues_pillars
D:8:      layout_gridville, special_room [special_room_orc],
          minmay_quadrilaterals
D:9:      layout_rooms, basic_altar, gammafunk_ghost_arena,
          minmay_misc_feat_rows, uniq_grum
D:10:     layout_loops_ring, lair_entry_dummy, zombieorc1_lemuel
Temple:   roderic_octagonal_lattice_temple

Skill      XL: |  1  2  3  4  5  6  7  8  9 10 |
---------------+-------------------------------+-----
Stealth        | 1 2 3 4 5 6 |  6.7
Long Blades    | 3 4 5 7 8 10 | 10.2
Armour         | 4 5 6 |  6.0
Fighting       | 4 5 6 8 9 |  9.8
Throwing       | 1 2 4 |  4.0
Invocations    | 2 4 |  4.9
Shields        | |  3.0

Action                   |  1- 3 |  4- 6 |  7- 9 | 10-12 || total
-------------------------+-------+-------+-------+-------++-------
Melee: Long sword        |    75 |    86 |   157 |       ||   318
       Kick              |    17 |    26 |   102 |    45 ||   190
       Peck              |     8 |    16 |    57 |    32 ||   113
       Rapier            |       |       |   164 |   199 ||   363
Throw: Javelin           |       |    20 |    22 |     2 ||    44
Invok: Line Pass         |       |       |     1 |     1 ||     2
 Abil: Fly               |       |     1 |       |       ||     1
  Use: Scroll            |       |       |    18 |     6 ||    24
       Potion            |       |       |       |     2 ||     2
 Stab: Sleeping          |       |       |     4 |     4 ||     8
       Distracted        |       |       |     1 |       ||     1
       Paralysed         |       |       |     2 |    16 ||    18
       Confused          |       |       |     1 |     1 ||     2
Armor: Scale mail        |    26 |    23 |    87 |    82 ||   218
Dodge: Dodged            |    16 |    24 |    83 |    85 ||   208
Block: Kite shield       |    26 |    24 |   136 |   114 ||   300
       Rpst.: Long sword |     1 |     8 |    11 |       ||    20
